 Dungeon Crawl Stone Soup version 0.17-a0-461-g772d41b (webtiles) character file.

83 Grim the Ruffian (level 4, -2/40 HPs)
             Began as a Ghoul Monk on Apr 5, 2015.
             Slain by an orc
             ... wielding a +2 short sword of electrocution
              (17 damage)
             ... on level 3 of the Dungeon.
             The game lasted 00:06:41 (2061 turns).

Grim the Ruffian (Ghoul Monk)                       Turns: 2061, Time: 00:06:42

Health: -2/40      AC:  8    Str: 14    XL:     4   Next: 44%
Magic:  3/3        EV:  6    Int:  5    God:
Gold:   66         SH:  0    Dex: 12    Spells: 0 memorised, 3 levels left

rFire  . . .     SeeInvis .       - Unarmed
rCold  + . .     Clarity  .     d - +0 chain mail
rNeg   + + +     SustAb   .     (no shield)
rPois  ∞         Gourm    .     (no helmet)
rElec  .         Spirit   .     (no cloak)
rCorr  .         Warding  .     (no gloves)
rMut   .         Stasis   .     (no boots)
MR     .....                    (no amulet)
Stlth  ..........               (no ring)
                                g - ring of wizardry

@: rotting, not resistant to hostile enchantments, extremely unstealthy
A: rotting body, claws 1, carnivore 3, cold resistance 1, negative energy
resistance 3, slow healing 1, torment resistance, unbreathing
a: no special abilities


You were on level 3 of the Dungeon.
You were not hungry.

You visited 1 branch of the dungeon, and saw 3 of its levels.

You collected 66 gold pieces.

Inventory:

Armour
 d - a +0 chain mail (worn)
Jewellery
 e - an uncursed ring of positive energy {unknown}
 g - a ring of wizardry (left claw)
Scrolls
 a - a scroll of blinking {unknown}
 i - 3 scrolls of identify
 k - a scroll of fog {unknown}
 l - a scroll of magic mapping {unknown}
Potions
 f - a potion of restore abilities
 h - a potion of haste {unknown}
 j - a potion of agility {unknown}
Comestibles
 b - 2 meat rations


   Skills:
 + Level 3.8 Fighting
 - Level 2.6 Dodging
 - Level 2.1 Stealth
 - Level 6.0 Unarmed Combat


You had 3 spell levels left.
You didn't know any spells.

Dungeon Overview and Level Annotations

Branches:
Dungeon (3/15)

Altars:
Okawaru
Qazlal


Innate Abilities, Weirdness & Mutations

Your body is rotting away.
You thrive on raw meat.
You are immune to poison.
You have sharp fingernails.
You are carnivorous and can eat meat at any time.
Your flesh is cold resistant.
You are immune to negative energy.
You heal slowly when monsters are visible.
You are immune to unholy pain and torment.
You can survive without breathing.


Message History

You closely miss the orc. The orc hits you but does no damage.
You barely miss the orc. The kobold hits you but does no damage.
You claw the orc!
The orc begins to bleed from its wounds!
The orc is almost dead.
The kobold hits you with a short sword.
* * * LOW HITPOINT WARNING * * *
The orc hits you with a short sword of electrocution.
* * * LOW HITPOINT WARNING * * *
The orc hits you with a short sword.
* * * LOW HITPOINT WARNING * * *
Unknown command.
Unknown command.
The kobold unwields an uncursed short sword.
The kobold wields a blowgun.
The kobold shoots a poisoned needle.
The poisoned needle hits you!
The orc hits you with a short sword of electrocution.
* * * LOW HITPOINT WARNING * * *
You are electrocuted!
You die...

...$>. ..#.. . #......
...#. #... ## ### #..#
.. #.## ##.# #Ko# #.#
#..# #.)###o.#
#..##(.###..##..@#
##..##..#..##..#.†.....#
..#...........##.#######
#.#....##.######.#
#.#.##.##..# #.#
#..<.......# #.#
....#.###..# #.# ###.#.#
#...# #.# #.....# #.#.#
#.#


You could see 2 orcs and a kobold.

Vanquished Creatures
  3 adders
  2 worms (D:2)
  2 giant geckos
  5 bats
  2 giant cockroaches
  4 goblins
  7 hobgoblins
  4 jackals (D:2)
  4 kobolds
  A ball python (D:2)
  3 giant newts
  3 rats
40 creatures vanquished.

Notes
Turn   | Place    | Note
--------------------------------------------------------------
     0 | D:1      | Grim, the Ghoul Monk, began the quest for the Orb.
     0 | D:1      | Reached XP level 1. HP: 19/19 MP: 0/0
   108 | D:1      | Reached XP level 2. HP: 21/26 MP: 1/1
   427 | D:1      | Reached skill level 5 in Unarmed Combat
  1007 | D:2      | Found a stormy altar of Qazlal.
  1100 | D:2      | Reached XP level 3. HP: 30/30 MP: 2/2
  1641 | D:2      | Found an iron altar of Okawaru.
  1662 | D:2      | Reached skill level 6 in Unarmed Combat
  1662 | D:2      | Reached XP level 4. HP: 38/38 MP: 3/3
  2061 | D:3      | Slain by an orc

Action                   |  1- 3 |  4- 6 || total
-------------------------+-------+-------++-------
Melee: Unarmed           |   103 |    32 ||   135
  Use: Scroll            |     4 |       ||     4
 Stab: Sleeping          |     1 |       ||     1
  Eat: Chunk             |    20 |     5 ||    25
